 Dungeon Crawl Stone Soup version 0.21.0-3-g78d12a8 (webtiles) character file.

5345 zhorgal the Covert (level 10, 0/132 HPs)
             Began as a Naga Venom Mage on Jan 9, 2018.
             Was an Initiate of Gozag.
             Slain by a nine-headed hydra (10 damage)
             ... on level 1 of the Lair of Beasts.
             The game lasted 01:14:04 (11286 turns).

zhorgal the Covert (Naga Venom Mage)               Turns: 11286, Time: 01:14:05

Health: 0/132      AC: 10    Str: 16    XL:     10   Next: 65%
Magic:  15/15      EV:  9    Int: 18    God:    Gozag
Gold:   666        SH:  9    Dex: 12    Spells: 10/16 levels left

rFire    + . .     SeeInvis +   w - +1 war axe
rCold    + . .     Gourm    .   S - +0 shield
rNeg     . . .     Faith    .   J - +2 robe {rC+ rF+}
rPois    +         Spirit   .   (no helmet)
rElec    .         Reflect  .   F - +2 cloak
rCorr    .         Harm     .   B - +0 pair of gloves
MR       +....                  (no barding)
Stlth    ..........             (no amulet)
HPRegen  0.32/turn              (no ring)
MPRegen  0.14/turn              (no ring)

@: berserking, drained, quick
A: large, see invisible, deformed body, poison resistance, slowness 2, slow
metabolism 1, spit poison 1, AC +3
a: Spit Poison, Potion Petition, Call Merchant, Bribe Branch, Renounce Religion


You were on level 1 of the Lair of Beasts.
You worshipped Gozag.
Gozag was pleased with you.
You were not hungry.

You visited 3 branches of the dungeon, and saw 10 of its levels.

You collected 1076 gold pieces.
You paid 410 gold pieces to Gozag.

Inventory:

Hand Weapons
 e - a +4 rapier of venom
 r - a +0 hand axe of freezing
 w - a +1 war axe (weapon)
 A - a +0 hunting sling
 C - a +0 short sword of draining
 G - the +3 trident of Valiance {antimagic, +Inv rC++ MR- Str+2}
   (You found it on level 4 of the Dungeon)

   It reduces the magical energy of the wielder, and disrupts the spells and
   magical abilities of those hit.
   Natural abilities and divine invocations are not affected.
   It affects your strength (+2).
   It greatly protects you from cold.
   It affects your resistance to hostile enchantments.
   It lets you turn invisible.
 I - a +0 battleaxe
 Z - the +7 halberd of Hiammey {flame, rPois Str-3 Int+2 Stlth+, unknown}
   (You found it on level 8 of the Dungeon)

   It has been specially enchanted to burn those struck by it, causing extra
   injury to most foes and up to half again as much damage against particularly
   susceptible opponents.
   Big, fiery blades are also staple armaments of hydra-hunters.
   It affects your strength (-3).
   It affects your intelligence (+2).
   It protects you from poison.
   It makes you more stealthy.
Missiles
 f - 317 stones
 g - 2 javelins (quivered)
Armour
 a - a +0 robe
 j - a +0 large shield
 q - a +0 chain mail
 s - a +0 helmet
 v - a +0 leather armour
 y - a +0 ring mail
 B - a +0 pair of gloves (worn)
 F - a +2 cloak (worn)
 J - a +2 robe of resistance (worn)
 S - a +0 shield (worn)
 T - a +0 scale mail
 U - a +0 scale mail
Wands
 H - a wand of digging (15)
 P - a wand of acid (7)
 R - a wand of paralysis (15)
Scrolls
 i - 3 scrolls of remove curse
 o - a scroll of blinking
 p - 4 scrolls of teleportation
 N - a scroll of fog
 O - a scroll of magic mapping
 Q - a scroll of summoning {unknown}
 W - a scroll of enchant weapon
 X - a scroll of identify
 Y - 2 scrolls of fear {unknown}
Potions
 d - a potion of invisibility
 h - a potion of resistance {unknown}
 k - a potion of heal wounds
 m - a potion of flight {unknown}
 n - a potion of degeneration {unknown}
 t - a potion of agility {unknown}
 x - a potion of ambrosia {unknown}
 z - 2 potions of lignification {unknown}
 D - a potion of berserk rage {unknown}
 E - 2 potions of haste {unknown}
 K - 2 potions of curing {unknown}
 M - a potion of brilliance {unknown}
 V - a potion of magic {unknown}
Books
 b - a Young Poisoner's Handbook

   Spells                             Type                      Level
   a - Sting                          Conjuration/Poison           1
   b - Poisonous Vapours              Poison/Air                   2
   c - Mephitic Cloud                 Conjuration/Poison/Air       3
   d - Olgreb's Toxic Radiance        Poison                       4
   e - Venom Bolt                     Conjuration/Poison           5
 L - a book of Air

   Spells                             Type                      Level
   a - Shock                          Conjuration/Air              1
   b - Swiftness                      Charms/Air                   2
   c - Static Discharge               Conjuration/Air              3
   d - Airstrike                      Air                          4
   e - Lightning Bolt                 Conjuration/Air              5
Comestibles
 c - 4 rations


   Skills:
 + Level 5.0(4.6) Fighting
 + Level 6.8(6.4) Axes
 + Level 3.3(2.9) Dodging
 - Level 10.0(9.5) Stealth
 + Level 5.4(5.0) Shields
 - Level 3.9(3.5) Spellcasting
 - Level 3.0(2.6) Conjurations
 - Level 5.0(4.6) Air Magic
 - Level 7.0(6.5) Poison Magic


You had 10 spell levels left.
You knew the following spells:

 Your Spells              Type           Power        Failure   Level  Hunger
a - Sting                 Conj/Pois      ###.         5%          1    None
b - Poisonous Vapours     Pois/Air       ###...       5%          2    ##.....
c - Mephitic Cloud        Conj/Pois/Air  ###.....     16%         3    ###....


Dungeon Overview and Level Annotations

Branches:
Dungeon (8/15)             Temple (1/1) D:6            Lair (1/6) D:8

Altars:
Ashenzari
Cheibriados
Dithmenos
Elyvilon
Fedhas
Gozag
Hepliaklqana
Kikubaaqudgha
Makhleb
Nemelex Xobeh
Okawaru
Qazlal
Ru
Sif Muna
Trog
Uskayaw
Vehumet
Xom
Yredelemnul
Zin
The Shining One

Shops:
D:6 *

Annotations:
D:3 1 exclusion, Purgy
D:4 exclusion: shadow imp
D:5 exclusions: ice beast and shadow imp
D:6 1 runed door


Innate Abilities, Weirdness & Mutations

You cannot wear boots.
Your serpentine skin is tough. (AC +3)
You have supernaturally acute eyesight. (SInv)
Armour fits poorly on your strangely shaped body.
Your system is resistant to poisons. (rPois)
You cover ground very slowly.
You have a slow metabolism.
You can spit poison.


Message History

You barely miss the eight-headed hydra.
You lop one of the eight-headed hydra's heads off!
The seven-headed hydra grows two more!
You slash the nine-headed hydra!
The nine-headed hydra bites you but does no damage. x2
The nine-headed hydra bites you.
The nine-headed hydra bites you but does no damage.
The nine-headed hydra barely misses you. x3
The nine-headed hydra bites you!
* * * LOW HITPOINT WARNING * * *
The nine-headed hydra bites you!
* * * LOW HITPOINT WARNING * * *
You take 29 damage, and have 24/132 hp.
MASSIVE DAMAGE!!
You barely miss the nine-headed hydra.
The nine-headed hydra bites you but does no damage.
You block the nine-headed hydra's attack.
The nine-headed hydra bites you!
* * * LOW HITPOINT WARNING * * *
The nine-headed hydra bites you!
You die...
Your body crumbles into a pile of gold.

#.#. $###.... .. .......
..# ####....... #..##
.......... #....###
##........# ##......####
#........#
##........P.####.D.....#
.#..........##..@##..###
#..........###..## 8.#
#.........###..## ...#
..........##..#.# >..'.
.........#...#..# ......
........##...#..#
8.##...
...........#...... ###
#.. .....#...##........
.....#..#...........


You could see a nine-headed hydra.

Vanquished Creatures
  A two-headed ogre (D:8)
  Prince Ribbit (D:5)
  A hippogriff (D:7)
  Sigmund (D:4)
  Eustachio (D:4)
  A hungry ghost (D:8)
  2 steam dragons (D:7)
  2 water moccasins
  Duvessa (D:4)
  2 ice beasts (D:8)
  A black bear (D:7)
  3 ogres
  3 necrophages
  4 centaurs
  Blork the orc (D:4)
  2 bullfrogs (D:7)
  A gnoll sergeant (D:7)
  Dowan (D:4)
  4 scorpions
  4 killer bees
  5 wights (D:8)
  2 howler monkeys (D:8)
  A crimson imp (D:7)
  A centaur zombie (D:8)
  A quasit (D:6)
  6 hounds
  A bullfrog skeleton (D:6)
  A centaur skeleton (D:6)
  9 orc priests
  Jessica (D:3)
  Natasha (thrice) (D:3)
  An iguana (D:8)
  5 orc wizards
  4 worker ants
  2 killer bee zombies (D:8)
  A hound skeleton (D:8)
  4 mummies (D:8)
  A worker ant zombie (D:8)
  4 gnolls
  8 adders
  A shadow imp (D:8)
  2 oozes
  An adder zombie (D:6)
  An adder skeleton (D:6)
  2 worms
  3 dart slugs
  6 leopard geckos
  20 orcs
  3 ball pythons
  5 bats
  3 giant cockroaches
  10 goblins
  7 hobgoblins
  2 quokkas
  2 frilled lizards
  A jackal skeleton (D:4)
  5 kobolds
  6 rats
178 creatures vanquished.

Vanquished Creatures (others)
  A withered plant (D:8)
1 creature vanquished.

Grand Total: 179 creatures vanquished

Notes
Turn   | Place    | Note
-------+----------+-------------------------------------------
     0 | D:1      | zhorgal the Naga Venom Mage began the quest for the Orb.
     0 | D:1      | Reached XP level 1. HP: 15/15 MP: 3/3
     1 | D:1      | Noticed an electric eel
   154 | D:1      | Reached skill level 4 in Stealth
   159 | D:1      | Reached XP level 2. HP: 20/22 MP: 0/5
   341 | D:1      | Learned a level 2 spell: Poisonous Vapours
   460 | D:1      | Reached skill level 5 in Stealth
   716 | D:1      | Reached XP level 3. HP: 28/28 MP: 3/6
   726 | D:1      | Learned a level 3 spell: Mephitic Cloud
  1097 | D:2      | Reached skill level 6 in Stealth
  1290 | D:2      | Reached XP level 4. HP: 36/36 MP: 1/7
  1823 | D:3      | Reached skill level 7 in Stealth
  1864 | D:3      | Noticed Jessica
  1889 | D:3      | Killed Jessica
  1889 | D:3      | Reached skill level 8 in Stealth
  1889 | D:3      | Reached XP level 5. HP: 42/42 MP: 1/8
  1892 | D:3      | Noticed Natasha
  1916 | D:3      | Killed Natasha
  1917 | D:3      | Noticed Natasha
  1925 | D:3      | Killed Natasha
  1966 | D:3      | Noticed Natasha
  1981 | D:3      | Killed Natasha
  1981 | D:3      | Reached skill level 9 in Stealth
  2084 | D:3      | Found a shattered altar of Ashenzari.
  2309 | D:3      | Reached XP level 6. HP: 48/49 MP: 0/9
  2503 | D:3      | Found a hide-covered altar of Uskayaw.
  2652 | D:3      | Reached skill level 1 in Axes
  2745 | D:3      | Noticed Purgy
  3109 | D:4      | Reached skill level 1 in Air Magic
  3249 | D:4      | Noticed Blork the orc
  3255 | D:4      | Killed Blork the orc
  3255 | D:4      | Reached XP level 7. HP: 37/55 MP: 1/10
  3385 | D:4      | Noticed Duvessa
  3387 | D:4      | Noticed Dowan
  3398 | D:4      | Killed Duvessa
  3398 | D:4      | Reached skill level 1 in Shields
  3406 | D:4      | Killed Dowan
  3406 | D:4      | Reached skill level 10 in Stealth
  3406 | D:4      | Reached skill level 5 in Poison Magic
  3609 | D:4      | Got a slimy trident
  3720 | D:4      | Identified the +3 trident of Valiance {antimagic, +Inv rC++ MR- Str+2} (You found it on level 4 of the Dungeon)
  3900 | D:4      | Noticed Eustachio
  3909 | D:4      | Killed Eustachio
  4023 | D:4      | Noticed Sigmund
  4054 | D:4      | Killed Sigmund
  4054 | D:4      | Reached XP level 8. HP: 62/62 MP: 2/11
  4427 | D:5      | Entered Level 5 of the Dungeon
  4816 | D:5      | Noticed Prince Ribbit
  4904 | D:5      | Killed Prince Ribbit
  5988 | D:6      | Found a runed door.
  6027 | D:6      | Reached XP level 9. HP: 37/69 MP: 9/12
  6249 | D:6      | Found Uddiut's Assorted Antiques.
  6258 | D:6      | Reached skill level 1 in Fighting
  6354 | D:6      | Found a staircase to the Ecumenical Temple.
  6365 | Temple   | Entered the Ecumenical Temple
  6492 | Temple   | Became a worshipper of Gozag Ym Sagoz the Greedy
  7597 | D:7      | Reached skill level 5 in Axes
  7743 | D:7      | Reached skill level 5 in Air Magic
  8844 | D:8      | Found a staircase to the Lair.
  8919 | D:8      | Reached XP level 10. HP: 74/84 MP: 15/15
  9958 | D:8      | Reached skill level 5 in Shields
 10361 | D:8      | Noticed a two-headed ogre
 10372 | D:8      | Killed a two-headed ogre
 10611 | D:8      | Got an ancient halberd
 10685 | D:8      | Reached skill level 5 in Fighting
 11009 | D:8      | Found a blossoming altar of Fedhas.
 11015 | D:8      | Found a basalt altar of Yredelemnul.
 11020 | D:8      | Found a glowing silver altar of Zin.
 11082 | Lair:1   | Entered Level 1 of the Lair of Beasts
 11273 | Lair:1   | Noticed a four-headed hydra
 11286 | Lair:1   | Slain by a nine-headed hydra

Skill      XL: |  1  2  3  4  5  6  7  8  9 10 |
---------------+-------------------------------+-----
Stealth        | 4 5 6 8 9 10 | 10.0
Axes           | 1 3 4 5 6 |  6.8
Air Magic      | 1 2 4 5 |  5.0
Shields        | 2 3 4 5 |  5.4
Poison Magic   | 5 7 |  7.0
Conjurations   | 2 3 |  3.0
Fighting       | 3 5 |  5.0
Spellcasting   | 3 |  3.9
Dodging        | 3 |  3.3

Action                   |  1- 3 |  4- 6 |  7- 9 | 10-12 || total
-------------------------+-------+-------+-------+-------++-------
Melee: Unarmed           |     2 |       |       |       ||     2
       Club              |    12 |     1 |       |       ||    13
       Hand axe          |       |     3 |       |       ||     3
       War axe           |       |    28 |   195 |   249 ||   472
Throw: Javelin           |       |       |       |     5 ||     5
       Stone             |       |       |       |     1 ||     1
 Cast: Sting             |    12 |       |     1 |       ||    13
       Poisonous Vapours |    10 |    35 |    83 |    15 ||   143
Invok: Potion Petition   |       |       |     1 |     1 ||     2
 Abil: Spit Poison       |    27 |    27 |    30 |     1 ||    85
Evoke: Wand              |       |       |       |     3 ||     3
  Use: Scroll            |       |       |    11 |     1 ||    12
       Potion            |       |       |     1 |       ||     1
 Stab: Sleeping          |       |       |     4 |       ||     4
       Distracted        |       |       |       |     2 ||     2
  Eat: Chunk             |     3 |     9 |     7 |       ||    19
       Ration            |       |       |     4 |     4 ||     8
Armor: Robe              |     4 |     6 |   147 |   113 ||   270
Dodge: Dodged            |    12 |    18 |   139 |   107 ||   276
Block: Shield            |       |       |    24 |   108 ||   132
